 Dungeon Crawl Stone Soup version 0.20-a0-642-g4ff03ff (webtiles) character file.

193513 Chiseanne the Spry (level 17, -15/88 HPs)
             Began as a Spriggan Wanderer on Feb 13, 2017.
             Was an Initiate of Gozag.
             Collided with a rock wall (22 damage)
             ... caused by a merfolk aquamancer
             ... on level 3 of the Shoals on Feb 14, 2017.
             The game lasted 02:46:50 (50314 turns).

Chiseanne the Spry (Spriggan Wanderer)             Turns: 50314, Time: 02:46:50

Health: -15/88     AC: 17    Str: 16    XL:     17   Next: 64%
Magic:  0/32       EV: 39    Int: 14    God:    Gozag
Gold:   1743       SH:  0    Dex: 32    Spells: 29/36 levels left

rFire    + . .     SeeInvis +   a - +8 falchion "Isecoela" {freeze, Dex+4}
rCold    . . .     Gourm    .   b - quicksilver dragon scales of Least Resistance {rElec rF+ MR+ Str+6 Dex+4} (curse)
rNeg     . . .     Faith    .   (shield restricted)
rPois    +         Spirit   +   (helmet restricted)
rElec    +         Reflect  .   i - +2 cloak {+Inv}
rCorr    .         Harm     .   (gloves unavailable)
MR       +++..                  (boots unavailable)
Stlth    ++........             D - amulet of guardian spirit
Regen    0.3/turn               S - ring of poison resistance
MPRegen  0.3/turn               l - +4 ring of dexterity

@: very quick
A: unfitting armour, see invisible, herbivore 3, speed 3, slow metabolism 2
}: 1/15 runes: serpentine
a: Potion Petition, Call Merchant, Bribe Branch, Renounce Religion, Evoke
Invisibility


You were on level 3 of the Shoals.
You worshipped Gozag.
Gozag was most pleased with you.
You were not hungry.

You visited 7 branches of the dungeon, and saw 33 of its levels.
You also visited: Ossuary.

You collected 11632 gold pieces.
You spent 3247 gold pieces at shops.
You paid 6642 gold pieces to Gozag.

Inventory:

Hand Weapons
 a - the +8 falchion "Isecoela" (weapon) {freeze, Dex+4}
   (You bought it in a shop on level 9 of the Dungeon)

   It has been specially enchanted to freeze those struck by it, causing extra
   injury to most foes and up to half again as much damage against particularly
   susceptible opponents.
   It can also slow down cold-blooded creatures.
   It affects your dexterity (+4).
 d - the +1 falchion of Cowardice {holy, +Inv rF- Int+3}
   (You bought it in a shop on level 2 of the Orcish Mines)

   It has been blessed by the Shining One to cause great damage to the undead
   and demons.
   It affects your intelligence (+3).
   It makes you vulnerable to fire.
   It lets you turn invisible.
 s - a +4 scimitar of flaming
 w - the +7 hunting sling of Puenunk {speed, rN+ Str+3}
   (You found it on level 13 of the Dungeon)

   Attacks with this weapon are significantly faster.
   It affects your strength (+3).
   It protects you from negative energy.
 z - a +1 scimitar of electrocution
Missiles
 g - 341 sling bullets
 j - 1091 stones (quivered)
 I - 3 throwing nets {!*}
Armour
 b - the cursed quicksilver dragon scales of Least Resistance (worn) {rElec rF+ MR+ Str+6 Dex+4}
   (You bought it in a shop on level 10 of the Dungeon)

   It affects your strength (+6).
   It affects your dexterity (+4).
   It protects you from fire.
   It insulates you from electricity.
   It affects your resistance to hostile enchantments.
   It has a curse placed upon it.
 i - a +2 cloak of invisibility (worn)
Jewellery
 e - an uncursed amulet of regeneration
 l - a +4 ring of dexterity (left hand)
 D - an amulet of guardian spirit (around neck)
 S - a ring of poison resistance (right hand)
Wands
 B - a wand of paralysis (9/24)
 F - a wand of lightning (12/15)
Scrolls
 c - a scroll of enchant armour
 k - 10 scrolls of remove curse
 q - a scroll of immolation
 u - a scroll of holy word
 y - 3 scrolls of recharging
 A - a scroll of amnesia
 C - a scroll of fog
 E - 7 scrolls of teleportation
 K - a scroll of magic mapping
 T - 5 scrolls of identify
Potions
 m - 13 potions of curing
 n - 3 potions of cancellation
 o - 3 potions of lignification
 p - 2 potions of heal wounds
 r - 2 potions of haste
 J - 3 potions of flight
 Q - a potion of resistance
 X - a potion of berserk rage
Books
 t - a book of Callings

   Spells                             Type                      Level
   a - Summon Small Mammal            Summoning                    1
   b - Call Imp                       Summoning                    2
   c - Call Canine Familiar           Summoning                    3
   d - Summon Guardian Golem          Hexes/Summoning              3
   e - Summon Lightning Spire         Summoning/Air                4
   f - Summon Ice Beast               Ice/Summoning                4
 x - a book of Changes

   Spells                             Type                      Level
   a - Beastly Appendage              Transmutation                1
   b - Sticks to Snakes               Transmutation                2
   c - Spider Form                    Transmutation/Poison         3
   d - Ice Form                       Ice/Transmutation            4
   e - Blade Hands                    Transmutation                5
Miscellaneous
 h - a fan of gales (inert)
Comestibles
 f - 10 bread rations
 v - 3 fruits


   Skills:
 - Level 9.3 Fighting
   Level 7.1(13.3) Short Blades
 - Level 13.7(14.1) Long Blades
   Level 1.0 Maces & Flails
 * Level 1.7 Slings
 * Level 11.9 Armour
 - Level 20.2 Dodging
 - Level 1.5 Stealth
   Level 1.0 Shields
 - Level 10.1 Spellcasting
 - Level 6.4 Hexes
 - Level 6.0 Translocations
   Level 1.0 Fire Magic
   Level 1.5 Ice Magic
 - Level 10.8 Evocations


You had 29 spell levels left.
You knew the following spells:

 Your Spells              Type           Power        Failure   Level  Hunger
a - Apportation           Tloc           ###...       1%          1    None
b - Confuse               Hex            ####....     4%          3    #......
c - Regeneration          Chrm/Necr      #.........   52%         3    #......


Dungeon Overview and Level Annotations

Branches:
Dungeon (15/15)            Temple (1/1) D:6            Lair (6/6) D:9
 Shoals (4/4) Lair:2        Snake (4/4) Lair:3        Slime (0/5) Lair:6
    Orc (2/2) D:12            Elf (0/3) Orc:2        Vaults (0/5) D:14
 Depths (1/5) D:15

Altars:
Ashenzari
Cheibriados
Dithmenos
Elyvilon
Fedhas
Gozag
Hepliaklqana
Kikubaaqudgha
Makhleb
Nemelex Xobeh
Okawaru
Qazlal
Ru
Sif Muna
Trog
Uskayaw
Vehumet
Xom
Yredelemnul
Zin
The Shining One
Beogh
Jiyva

Shops:
D:9 =(   D:10 [![[*%   D:12 [?   Orc:2 (:[*   Lair:2 [   Shoals:1 [
Shoals:2 [   Snake:3 :

Annotations:
Shoals:4 exclusion: Roxanne, Ilsuiw, Roxanne
Snake:3 Vashnia
Snake:4 exclusion: upstairs
Orc:2 exclusion: upstairs


Innate Abilities, Weirdness & Mutations

You are very small and have problems with some larger weapons.
You are too small for most types of armour.
You have supernaturally acute eyesight. (SInv)
You are a herbivore.
You cover ground extremely quickly.
You need consume almost no food.


Message History

The torrent of water hits you!
You are knocked back by the torrent of water.
The wave splashes down.
Splash!
You fall into the shallow water.
Moving in this stuff is going to be slow.
The merfolk shouts!
You hear a shout! x3
The merfolk aquamancer gestures at you while chanting.
The torrent of water hits you!
You are knocked back by the torrent of water.
You slam into the rock wall!
The wave splashes down.
You hear a shout!
There is a stone staircase leading up here.
The merfolk aquamancer gestures at you while chanting.
The torrent of water hits you!
* * * LOW HITPOINT WARNING * * *
You are knocked back by the torrent of water.
You slam into the rock wall!
You die...
Your body crumbles into a pile of gold.

≈≈≈≈≈≈≈≈≈≈≈.>)###..≈≈≈...≈...≈≈≈≈
≈≈≈≈≈≈≈≈≈≈...[# #....≈...≈≈..,≈≈≈
P≈≈≈≈≈≈≈≈≈≈)..###......≈≈≈≈..,≈≈≈
≈≈≈≈≈≈≈.≈≈≈≈≈.>....≈..≈......,,≈≈
≈≈P≈≈≈≈≈≈≈≈≈......≈≈≈........,≈≈≈
≈P≈≈≈≈≈≈≈≈≈≈≈................,≈≈≈
≈≈P≈≈≈≈≈≈..≈....###..........≈≈≈≈
≈PP≈P≈≈≈.....########.....≈≈≈≈≈≈≈
≈P≈≈≈≈≈≈≈.....##@## #.....m≈≈≈≈≈≈
≈P≈≈≈≈≈..≈≈....≈≈≈#*#..m#EE.≈≈≈≈≈
c≈≈≈≈≈≈≈≈≈≈≈....≈m##..≈..≈≈≈≈≈≈≈≈
.≈≈≈≈≈≈≈≈≈..≈≈....E....≈≈≈≈≈≈≈≈≈≈
≈≈≈≈≈≈≈≈≈≈≈≈≈≈≈≈≈≈E.....≈≈≈≈≈≈≈≈≈
≈P≈≈≈≈≈≈≈≈≈≈≈≈≈≈≈≈...E...≈≈≈≈≈≈≈≈
≈≈≈≈≈≈≈≈≈≈≈≈≈≈..≈≈..≈≈...≈≈≈≈≈≈≈≈
≈≈≈≈≈≈≈≈≈≈≈≈≈≈≈≈≈≈.≈≈≈≈....≈≈,,≈≈
≈≈≈≈≈≈≈≈≈≈≈≈≈≈≈≈≈..###.....,,,≈≈≈


You could see a merfolk aquamancer and 2 water elementals.

Vanquished Creatures
  Nikola (Shoals:1)
  Kirke (D:13)
  Agnes (Snake:1)
  A fire giant (D:15)
  7 nagarajas
  An orc warlord (Orc:2)
  Aizul (Snake:1)
  Nessos (D:13)
  Azrael (Snake:1)
  A dire elephant (Lair:6)
  A merfolk impaler (Shoals:2)
  8 naga warriors
  4 hydras
  5 centaur warriors
  17 anacondas
  2 ogre magi
  2 merfolk avatars
  2 satyrs
  4 death yaks
  A merfolk aquamancer (Shoals:3)
  5 two-headed ogres
  2 tengu warriors (D:14)
  5 shock serpents
  2 orc high priests (Orc:2)
  4 naga sharpshooters
  A salamander mystic (Snake:4)
  7 sea snakes
  A skeletal warrior (D:9)
  3 naga ritualists
  3 unseen horrors
  3 orc knights (Orc:2)
  2 wolf spider zombies
  A necromancer (D:9)
  4 mana vipers
  Pikel (D:7)
  3 harpies
  5 cyclopes
  15 ugly things
  An orb spider (shapeshifter) (D:15)
  A deep elf mage (D:14)
  12 manticores
  5 orc sorcerers (Orc:2)
  18 elephants
  4 salamanders
  8 fauns
  Joseph (D:7)
  A merfolk siren (Shoals:2)
  3 guardian serpents (Snake:2)
  Maurice (D:8)
  A water nymph (Shoals:4)
  34 black mambas
  Psyche (D:8)
  A gargoyle (D:15)
  27 naga magi
  4 centaur skeletons
  8 spiny frogs
  3 rime drakes
  7 komodo dragons
  A freezing wraith (D:14)
  A tengu conjurer (D:14)
  A queen bee (Lair:2)
  6 trolls
  7 merfolk
  4 polar bears
  A wind drake (Shoals:1)
  A hornet (D:11)
  24 blink frogs
  A slime creature (Lair:6)
  10 hippogriffs
  4 snapping turtles
  Sigmund (D:6)
  4 flying skulls
  3 shadows
  A centaur simulacrum (D:15)
  8 wyverns
  7 wraiths
  6 water elementals
  5 hungry ghosts
  2 hogs (D:13)
  54 yaks
  3 fire elementals (Snake:1)
  A steam dragon (D:10)
  4 basilisks
  3 vampire mosquitoes (D:12)
  4 wargs
  52 nagas
  15 water moccasins
  2 hell hounds (Snake:1)
  2 sky beasts
  13 porcupines
  35 orc warriors
  A slave (D:7)
  6 ice beasts
  3 black bears
  2 necrophages (D:11)
  16 ogres
  9 wolves
  16 centaurs
  13 crocodiles
  3 big kobolds
  An elf zombie (Ossuary)
  15 bullfrogs
  A gnoll sergeant (D:10)
  A wyvern zombie (D:13)
  A water moccasin skeleton (D:7)
  A wyvern skeleton (D:9)
  10 scorpions
  51 killer bees
  A wight (D:9)
  4 electric eels
  6 howler monkeys
  12 crimson imps
  2 jellies
  2 bullfrog zombies
  4 centaur zombies
  A quasit (D:7)
  6 hounds
  2 human zombies (Ossuary)
  5 bullfrog skeletons
  A gnoll shaman (D:9)
  30 orc priests
  Terence (D:3)
  6 iguanas
  27 orc wizards
  2 hell rats (Lair:2)
  10 worker ants
  A big kobold zombie (Ossuary)
  A hound zombie (D:9)
  3 hound skeletons (D:9)
  2 mummies (Ossuary)
  A howler monkey zombie (D:11)
  A worker ant zombie (D:9)
  Robin (D:2)
  9 gnolls
  15 adders
  3 shadow imps
  A white imp (D:15)
  An ooze (D:1)
  2 adder zombies (D:9)
  3 adder skeletons
  4 worms
  6 dart slugs
  9 leopard geckos
  78 orcs
  12 bats
  7 giant cockroaches
  17 goblins
  10 hobgoblins
  9 jackals
  13 kobolds
  2 quokkas
  A ball python (D:3)
  7 frilled lizards
  A goblin zombie (Ossuary)
  7 hobgoblin zombies (Ossuary)
  A jackal skeleton (D:9)
  2 jackal zombies (Ossuary)
  10 kobold zombies (Ossuary)
  A leopard gecko zombie (D:8)
  7 orc zombies (Ossuary)
  A quokka skeleton (D:9)
  2 quokka zombies (D:9)
  10 rats
  2 plants (Lair:6)
1091 creatures vanquished.

Vanquished Creatures (collateral kills)
  Frances (Shoals:1)
  2 dire elephants (Lair:6)
  An orc high priest (Orc:2)
  An orc sorcerer (Orc:2)
  2 orc warriors (Orc:2)
  An orc (Orc:2)
8 creatures vanquished.

Vanquished Creatures (others)
  Josephine (D:13)
  A merfolk avatar (Shoals:3)
  A deep elf mage (D:13)
  A human (D:13)
  4 centaurs (D:13)
  A wight (D:9)
  A dart slug (D:7)
  A bush (Lair:6)
  10 fungi
  14 plants
35 creatures vanquished.

Grand Total: 1134 creatures vanquished

Notes
Turn   | Place    | Note
-------+----------+-------------------------------------------
     0 | D:1      | Chiseanne the Spriggan Wanderer began the quest for the Orb.
     0 | D:1      | Chiseanne set off with: a +2 mace, a +0 shortbow, 26 arrows, a potion of lignification, a +0 robe, a bread ration
     0 | D:1      | Reached XP level 1. HP: 12/12 MP: 2/2
   294 | D:1      | Reached skill level 1 in Dodging
   294 | D:1      | Reached XP level 2. HP: 4/16 MP: 3/3
  1081 | D:1      | Reached XP level 3. HP: 21/21 MP: 4/4
  1638 | D:1      | Reached skill level 2 in Dodging
  1812 | D:2      | Reached skill level 1 in Short Blades
  1920 | D:2      | Found an ancient bone altar of Kikubaaqudgha.
  2118 | D:2      | Noticed Robin
  2156 | D:2      | Killed Robin
  2156 | D:2      | Reached XP level 4. HP: 13/25 MP: 5/5
  2448 | D:2      | Found an ancient bone altar of Kikubaaqudgha.
  2961 | D:2      | Reached skill level 3 in Dodging
  3237 | D:3      | Reached XP level 5. HP: 29/29 MP: 6/6
  3579 | D:3      | Found a glowing golden altar of the Shining One.
  3829 | D:3      | Reached skill level 4 in Dodging
  4135 | D:3      | Noticed Terence
  4140 | D:3      | Killed Terence
  4197 | D:3      | Reached XP level 6. HP: 34/34 MP: 7/7
  4493 | D:4      | Reached skill level 5 in Dodging
  4725 | D:4      | Found a sand-covered staircase.
  4734 | Ossuary  | Entered an ossuary
  5070 | Ossuary  | Reached skill level 5 in Fighting
  5070 | Ossuary  | Reached XP level 7. HP: 24/39 MP: 8/8
  5118 | Ossuary  | Reached skill level 6 in Dodging
  5680 | D:4      | Reached skill level 5 in Short Blades
  5697 | D:4      | Found a stormy altar of Qazlal.
  5697 | D:4      | Found a hide-covered altar of Uskayaw.
  5699 | D:4      | Found a snail-covered altar of Cheibriados.
  5700 | D:4      | Found a basalt altar of Yredelemnul.
  5701 | D:4      | Found a glowing golden altar of the Shining One.
  5702 | D:4      | Found a radiant altar of Vehumet.
  5792 | D:4      | Found a sparkling altar of Nemelex Xobeh.
  5839 | D:4      | Found a white marble altar of Elyvilon.
  6022 | D:5      | Entered Level 5 of the Dungeon
  6037 | D:5      | Reached skill level 7 in Dodging
  6264 | D:5      | Reached XP level 8. HP: 43/44 MP: 9/9
  6490 | D:5      | Noticed a hippogriff
  6553 | D:5      | Killed a hippogriff
  6662 | D:5      | Reached skill level 8 in Dodging
  7383 | D:6      | Found a staircase to the Ecumenical Temple.
  7558 | D:6      | Found a shimmering altar of Xom.
  7560 | D:6      | Reached skill level 9 in Dodging
  7610 | D:6      | Found an iron altar of Okawaru.
  7713 | D:6      | Noticed Sigmund
  7730 | D:6      | Killed Sigmund
  8003 | Temple   | Entered the Ecumenical Temple
  8044 | Temple   | Became a worshipper of Gozag Ym Sagoz the Greedy
  8123 | D:7      | Noticed a hippogriff
  8142 | D:7      | Killed a hippogriff
  8142 | D:7      | Reached XP level 9. HP: 40/49 MP: 10/10
  8448 | D:7      | Noticed Joseph
  8479 | D:7      | Killed Joseph
  8479 | D:7      | Reached skill level 10 in Dodging
  8949 | D:7      | Noticed Pikel
  8977 | D:7      | Killed Pikel
  8977 | D:7      | Reached skill level 11 in Dodging
  9567 | D:8      | Noticed Psyche
  9601 | D:8      | Killed Psyche
  9861 | D:8      | Got a warped whip
  9885 | D:8      | Noticed Maurice
 10039 | D:8      | Reached skill level 12 in Dodging
 10253 | D:8      | Reached XP level 10. HP: 56/56 MP: 13/13
 10285 | D:8      | Killed Maurice
 11170 | D:8      | Identified the +5 whip "Impbane" {slash, rN+ Str+4 Stlth+} (You found it on level 8 of the Dungeon)
 11314 | D:9      | Learned a level 1 spell: Apportation
 11346 | D:9      | Reached skill level 5 in Evocations
 11461 | D:9      | Noticed an elephant
 11502 | D:9      | Noticed a necromancer
 11758 | D:9      | Noticed a skeletal warrior
 12297 | D:9      | Found a staircase to the Lair.
 12363 | D:9      | Killed a necromancer
 12363 | D:9      | Reached skill level 13 in Dodging
 12499 | D:10     | Entered Level 10 of the Dungeon
 12756 | D:9      | Killed an elephant
 12932 | Lair:1   | Entered Level 1 of the Lair of Beasts
 12932 | Lair:1   | Noticed a black mamba
 13260 | D:10     | Found Ywoxit's General Store.
 13263 | D:10     | Bought a throwing net for 42 gold pieces
 13263 | D:10     | Bought a scroll of teleportation for 42 gold pieces
 13263 | D:10     | Bought a potion of might for 56 gold pieces
 13263 | D:10     | Bought a potion of degeneration for 14 gold pieces
 13263 | D:10     | Bought a potion of flight for 42 gold pieces
 13263 | D:10     | Bought a scroll of magic mapping for 49 gold pieces
 13364 | D:10     | Found Ynygoapt's Food Emporium.
 13413 | D:10     | Noticed an unseen horror
 13443 | D:10     | Killed an unseen horror
 13443 | D:10     | Reached skill level 1 in Long Blades
 13443 | D:10     | Reached XP level 11. HP: 54/62 MP: 17/17
 13814 | D:10     | Found Qarukodd's Distillery.
 13817 | D:10     | Bought a potion of agility for 60 gold pieces
 13817 | D:10     | Bought a potion of agility for 60 gold pieces
 13858 | D:10     | Found Syonimerri's Antique Armour Shop.
 13971 | D:10     | Reached skill level 14 in Dodging
 14077 | D:10     | Found Qowi's Antique Armour Shop.
 14565 | D:11     | Noticed a brown ugly thing
 14580 | D:11     | Noticed a two-headed ogre
 14582 | D:11     | Noticed a green ugly thing
 14593 | D:11     | Killed a white ugly thing
 14602 | D:11     | Killed a white ugly thing
 14613 | D:11     | Killed a two-headed ogre
 15047 | D:10     | Bought a crude robe for 125 gold pieces
 15049 | D:10     | Identified the +2 robe "Rejov" {*Corrode +Blink rElec Dex+5} (You bought it in a shop on level 10 of the Dungeon)
 15299 | D:11     | Reached skill level 15 in Dodging
 15309 | D:11     | Reached skill level 10 in Evocations
 16040 | D:12     | Reached XP level 12. HP: 16/66 MP: 5/21
 16325 | D:12     | Found a staircase to the Orcish Mines.
 16392 | D:12     | Reached skill level 5 in Long Blades
 16473 | D:10     | Bought a warped cloak for 361 gold pieces
 16484 | D:10     | Identified the cursed +0 cloak "Koina" {Int-4 Dex+3 Stlth+} (You bought it in a shop on level 10 of the Dungeon)
 16510 | D:11     | Noticed a centaur warrior
 16520 | D:11     | Killed a centaur warrior
 16520 | D:11     | Reached skill level 1 in Spellcasting
 16629 | Orc:1    | Entered Level 1 of the Orcish Mines
 16888 | D:12     | Reached skill level 16 in Dodging
 17026 | D:12     | Learned a level 3 spell: Confuse
 18680 | D:12     | Bought a scroll of enchant weapon for 97 gold pieces
 18680 | D:12     | Bought a scroll of random uselessness for 13 gold pieces
 18680 | D:12     | Bought a scroll of identify for 26 gold pieces
 18879 | Orc:2    | Entered Level 2 of the Orcish Mines
 18879 | Orc:2    | Found a staircase to the Elven Halls.
 18979 | Orc:1    | Reached skill level 1 in Translocations
 19054 | Orc:1    | Found a roughly hewn altar of Beogh.
 19198 | Orc:2    | Found a roughly hewn altar of Beogh.
 19441 | Orc:2    | Noticed an orc high priest
 19470 | Orc:2    | Killed an orc high priest
 19518 | Orc:2    | Noticed an orc warlord
 20679 | Orc:2    | Reached skill level 5 in Translocations
 20930 | Orc:2    | Reached skill level 17 in Dodging
 21029 | Orc:2    | Noticed an orc high priest
 21036 | Orc:2    | Killed an orc high priest
 21266 | D:12     | Bought a scroll of teleportation for 39 gold pieces
 21266 | D:12     | Bought a scroll of teleportation for 39 gold pieces
 21525 | D:9      | Reached XP level 13. HP: 21/70 MP: 7/22
 21603 | D:9      | Reached skill level 1 in Hexes
 23263 | Lair:2   | Found a staircase to the Shoals.
 23997 | Lair:2   | Reached skill level 5 in Hexes
 24035 | Lair:2   | Reached skill level 18 in Dodging
 25217 | Lair:3   | Found a staircase to the Snake Pit.
 26086 | Lair:4   | Reached skill level 5 in Spellcasting
 27026 | Lair:4   | Reached XP level 14. HP: 75/75 MP: 24/24
 27907 | Lair:5   | Reached skill level 19 in Dodging
 28529 | Lair:6   | Entered Level 6 of the Lair of Beasts
 30271 | Lair:6   | Found a viscous altar of Jiyva.
 30271 | Lair:6   | Found a staircase to the Slime Pits.
 30730 | Lair:6   | Noticed an acid blob
 30969 | Lair:6   | Got a faintly humming robe
 30986 | Lair:6   | Identified the cursed +1 robe "Ruxem" {*Slow rPois rF+ rN+ Str+5} (You found it on level 6 of the Lair of Beasts)
 31020 | Lair:6   | Reached skill level 10 in Long Blades
 31419 | D:9      | Bought a smoking falchion for 288 gold pieces
 31420 | D:9      | Identified the +8 falchion "Isecoela" {freeze, Dex+4} (You bought it in a shop on level 9 of the Dungeon)
 31480 | D:10     | Bought a sheer robe for 216 gold pieces
 31481 | D:10     | Identified the cursed +0 robe of Meticia {Dex+3} (You bought it in a shop on level 10 of the Dungeon)
 31550 | Orc:2    | Killed an orc warlord
 31816 | Orc:2    | Paralysed by an orc sorcerer for 5 turns
 31822 | Orc:2    | Reached skill level 20 in Dodging
 32276 | Orc:2    | Found Laxy's Antique Armour Boutique.
 32277 | Orc:2    | Found Koll's Antique Weapon Shop.
 32450 | Orc:2    | Found Goyng's General Store.
 32450 | Orc:2    | Found Miggiut's Book Boutique.
 32499 | Orc:2    | Reached skill level 10 in Spellcasting
 32658 | Orc:2    | Bought a shimmering falchion for 248 gold pieces
 32659 | Orc:2    | Identified the +1 falchion of Cowardice {holy, +Inv rF- Int+3} (You bought it in a shop on level 2 of the Orcish Mines)
 32909 | D:13     | Got a slimy hunting sling
 32911 | D:13     | Identified the +7 hunting sling of Puenunk {speed, rN+ Str+3} (You found it on level 13 of the Dungeon)
 33525 | D:13     | Noticed Kirke
 33545 | D:13     | Killed Kirke
 33545 | D:13     | Reached XP level 15. HP: 79/79 MP: 26/30
 33722 | D:13     | Noticed Josephine
 33725 | D:13     | Noticed Nessos
 33787 | D:13     | Killed Josephine
 33806 | D:13     | Killed Nessos
 34218 | D:14     | Got a heavily runed wooden ring
 34669 | D:14     | Identified the ring "Puofum" {*Slow +Inv Str+6 Stlth-} (You found it on level 14 of the Dungeon)
 34790 | D:14     | Found a gate to the Vaults.
 35420 | D:15     | Entered Level 15 of the Dungeon
 35641 | D:15     | Learned a level 3 spell: Regeneration
 35840 | D:15     | Found a frozen archway.
 36496 | D:15     | Found a staircase to the Depths.
 36496 | D:15     | Noticed a fire giant
 36505 | D:15     | Killed a fire giant
 37451 | D:10     | Bought transparent quicksilver dragon scales for 1430 gold pieces
 37452 | D:10     | Identified the cursed quicksilver dragon scales of Least Resistance {rElec rF+ MR+ Str+6 Dex+4} (You bought it in a shop on level 10 of the Dungeon)
 37649 | D:15     | Upgraded the game from 0.20-a0-641-g673355a to 0.20-a0-642-g4ff03ff
 37672 | Depths:1 | Entered Level 1 of the Depths
 37924 | Snake:1  | Entered Level 1 of the Snake Pit
 37924 | Snake:1  | Noticed Aizul
 38107 | Snake:1  | Killed Aizul
 38317 | Snake:1  | Noticed Azrael
 38340 | Snake:1  | Killed Azrael
 38645 | Snake:1  | Noticed Agnes
 38666 | Snake:1  | Killed Agnes
 38874 | Snake:1  | Reached skill level 1 in Armour
 38928 | Snake:1  | Reached XP level 16. HP: 27/84 MP: 12/31
 40991 | Snake:2  | Reached skill level 5 in Armour
 43687 | Snake:3  | Noticed Vashnia
 44394 | Snake:3  | Found Joetet's Book Emporium.
 44457 | Snake:4  | Entered Level 4 of the Snake Pit
 45892 | Snake:4  | Reached XP level 17. HP: 50/88 MP: 16/32
 46654 | Snake:4  | Reached skill level 10 in Armour
 47441 | Snake:4  | Got a serpentine rune of Zot
 47753 | Shoals:1 | Entered Level 1 of the Shoals
 47753 | Shoals:1 | Noticed Nikola
 47777 | Shoals:1 | Killed Nikola
 48010 | Shoals:1 | Found Idweuren's Antique Armour Shoppe.
 48180 | Shoals:1 | Noticed Frances
 48277 | Shoals:1 | Killed Frances
 49114 | Shoals:2 | Found Coucval's Antique Armour Shoppe.
 49314 | Shoals:3 | Reached skill level 1 in Slings
 49759 | Shoals:4 | Entered Level 4 of the Shoals
 49763 | Shoals:4 | Noticed Ilsuiw
 49816 | Shoals:4 | Noticed Roxanne
 50314 | Shoals:3 | Collided with a rock wall

Vault maps used:
D:1:      shiori_arrival_maze, serial_co_window_serial, co_window_corner_a,
          co_window_paths_a, co_window_cross_1, co_window_paths_a,
          co_window_paths_a, co_window_broadway_c, co_window_broadway_b,
          co_window_corner_cb, co_window_corner_b, co_window_4corner_a,
          co_window_paths_d, glass_columns_c, glass_columns_a, glass_columns_a,
          minmay_cupped
D:2:      kiku_gazebo_garden_becter, grunt_decor_mini_mirrors,
          minmay_hexomino_r4, uniq_robin
D:3:      serial_glass, glass_columns_b, glass_columns_a,
          minmay_misc_feat_secret_circle, nicolae_tso_carved_into_rock,
          uniq_terence
D:4:      nemelex_xobeh_ov_fountains_minmay, elyvilon_altar_1,
          grunt_temple_overflow_open, enter_ossuary_1, first_bread
D:5:      kennysheep_opposing_triangles
D:6:      nicolae_overflow_hidden_temple, brannock_xom_greatest_gift,
          minmay_temple_entry_glassed_door, uniq_sigmund
D:7:      kennysheep_slugbush, uniq_pikel, uniq_joseph
D:8:      minivault_11, uniq_maurice, uniq_psyche
D:9:      hangedman_screamer, david_lair_generic,
          eino_small_chamber_without_monster
D:10:     serial_shops, shop_statue, nicolae_shop_trees, shop, kennysheep_mini,
          shop
D:11:     minmay_four_partial_circles
D:12:     old_forge, orc_0_dummy
D:13:     uniq_nessos, uniq_kirke, uniq_josephine
D:14:     david_vaults_2
D:15:     grunt_enter_depths_giant_problem, portal_ice_cave_entry_pillars_2,
          minmay_misc_feat_rows, serial_ice, serial_ice_e, serial_ice_d,
          serial_ice_j, serial_ice_h, serial_ice_c, serial_ice_g, minivault_12
Temple:   eino_wide_crystal_templ
Lair:2:   regret_index_combs_of_tragedy, minmay_shoals_entry_beasts
Lair:3:   guppyfry_snake_entry_garden, serial_bayou, serial_bayou_pond_d,
          serial_bayou_crossing, serial_bayou_lagoon_b, serial_bayou_ford_a,
          minivault_23, lemuel_fruit_tree
Lair:4:   cheibrodos_lair_reptile_den, grunt_megastairs_1
Lair:5:   grunt_megastairs_5
Lair:6:   due_jungle_book, slime_altar_1
Shoals:1: nicolae_shoals_island_circles, serial_shops, shop_statue,
          uniq_frances, uniq_nikola
Shoals:2: serial_shops, nicolae_shop_statue_plus,
          nicolae_shoals_siren_and_animal_friends
Shoals:4: shoals_end_simple, shoals_ilsuiw_alternative, uniq_roxanne
Snake:1:  spider_trap, uniq_azrael, uniq_agnes, uniq_aizul
Snake:2:  hangedman_snake_sidewinding
Snake:3:  onia_ninara_swampy_vault, serial_shops, nicolae_shop_crystal,
          uniq_vashnia
Snake:4:  minmay_snake_end_coiled
Orc:1:    minmay_orc_temple_a
Orc:2:    st_orc_congregation, nicolae_orc_lava_tube, nicolae_orc_lost_temple
Depths:1: serial_shops, shop, minmay_crystal_water, grunt_mini_vestibule,
          minmay_misc_feat_more_columns, minmay_checkered_concentric_circles,
          uniq_sojobo
Ossuary:  ossuary_tomb_1

Skill      XL: |  1  2  3  4  5  6  7  8  9 10 11 12 13 14 15 16 17 |
---------------+----------------------------------------------------+-----
Dodging        | 1 2 3 4 5 7 9 12 13 15 17 18 20 | 20.2
Fighting       | 4 5 6 8 9 |  9.3
Short Blades   | 1 2 3 4 5 7 |  7.1
Evocations     | 3 7 10 | 10.8
Long Blades    | 1 4 7 9 10 13 | 13.7
Spellcasting   | 4 6 10 | 10.1
Translocations | 6 |  6.0
Hexes          | 6 |  6.4
Armour         | 1 9 11 | 11.9
Slings         | 1 |  1.7
Maces & Flails | |  1.0
Stealth        | |  1.5
Shields        | |  1.0
Fire Magic     | |  1.0
Ice Magic      | |  1.5

Action                   |  1- 3 |  4- 6 |  7- 9 | 10-12 | 13-15 | 16-18 || total
-------------------------+-------+-------+-------+-------+-------+-------++-------
Melee: Mace              |    28 |       |       |       |       |       ||    28
       Dagger            |   112 |   236 |   347 |   330 |       |       ||  1025
       Whip              |       |       |       |   112 |     7 |       ||   119
       Falchion          |       |       |       |   958 |  1863 |  1374 ||  4195
 Fire: Hunting sling     |       |    68 |    47 |    13 |    48 |   118 ||   294
       Shortbow          |       |       |       |     8 |    35 |       ||    43
Throw: Stone             |       |       |       |     3 |       |       ||     3
 Cast: Confuse           |       |       |       |       |    23 |       ||    23
Invok: Call Merchant     |       |       |       |     3 |     2 |     1 ||     6
       Potion Petition   |       |       |       |     1 |       |     1 ||     2
 Abil: Evoke Invisibilit |       |       |       |     8 |     3 |     1 ||    12
       Evoke Blink       |       |       |       |     1 |       |       ||     1
Evoke: Wand              |       |       |    12 |    30 |    13 |       ||    55
       Fan of gales      |       |       |       |       |     1 |     1 ||     2
       Box of beasts     |       |       |       |       |       |     3 ||     3
  Use: Scroll            |     1 |     8 |     8 |    12 |    18 |    13 ||    60
       Potion            |     1 |     4 |     4 |    11 |     8 |     5 ||    33
 Stab: Sleeping          |     5 |     6 |    12 |     4 |    11 |     4 ||    42
       Distracted        |       |     1 |     1 |     8 |    24 |    16 ||    50
       Confused          |       |       |       |     1 |     4 |       ||     5
       Invisible         |       |       |       |    52 |    22 |    14 ||    88
  Eat: Fruit             |       |     3 |       |     2 |     9 |    10 ||    24
       Royal jelly       |       |     2 |       |     2 |     3 |     2 ||     9
       Bread ration      |       |       |       |     3 |     2 |       ||     5
Armor: Robe              |     8 |    11 |    18 |    81 |    61 |       ||   179
       Skin              |     5 |    20 |    11 |    14 |    46 |       ||    96
       Quicksilver drago |       |       |       |       |    11 |    75 ||    86
Dodge: Dodged            |   135 |   134 |   243 |  1525 |  1963 |  1413 ||  5413
       Rpst.: Falchion   |       |       |       |   356 |   491 |   266 ||  1113
